 Dungeon Crawl Stone Soup version 0.16-a0-623-g20b2139 (webtiles) character file.

14 Foahim the Skirmisher (level 2, 0/24 HPs)
             Began as a Demonspawn Chaos Knight on Sept 17, 2014.
             Was a Plaything of Xom.
             Succumbed to an adder's poison
             ... on Level 2 of the Dungeon.
             The game lasted 00:05:00 (541 turns).

Foahim the Skirmisher (Demonspawn Chaos Knight)      Turns: 541, Time: 00:05:01

HP   0/24        AC  6     Str 12      XL: 2   Next: 27%
MP   2/2         EV 10     Int 13      God: Xom
Gold 22          SH  0     Dex 12      Spells:  0 memorised,  1 level left

rFire  . . .     SeeInvis .     a - +0 falchion (chaos)
rCold  . . .     Clarity  .     b - +2 leather armour
rNeg   . . .     rCorr    .     (no shield)
rPois  .         rRot     .     (no helmet)
rElec  .         Spirit   .     (no cloak)
SustAb .         Warding  .     (no gloves)
rMut   .         Stasis   .     (no boots)
Gourm  .                        (no amulet)
MR     .....                    (no ring)
                                (no ring)

@: lethally poisoned, not resistant to hostile enchantments, very unstealthy
A: molten scales 1
a: Renounce Religion


You were on level 2 of the Dungeon.
You worshipped Xom.
You were a toy of Xom.
You were not hungry.

You visited 1 branch of the dungeon, and saw 2 of its levels.

You collected 22 gold pieces.

Inventory:

Hand weapons
 a - a +0 falchion of chaos (weapon)
Armour
 b - a +2 leather armour (worn)
Comestibles
 c - a bread ration
 f - a meat ration
Scrolls
 d - a scroll of recharging {unknown}
 e - a scroll of remove curse {unknown}
 i - a scroll of amnesia {unknown}
Potions
 g - a potion of degeneration {unknown}
 h - a potion of confusion {unknown}


   Skills:
 + Level 3.1 Fighting
 + Level 3.0 Long Blades
 + Level 1.9 Armour
 + Level 1.1 Dodging


You had one spell level left.
You didn't know any spells.

Dungeon Overview and Level Annotations

Branches:
Dungeon (2/15)

Altars:


Innate Abilities, Weirdness & Mutations

You are partially covered in molten scales (AC +1).


Message History

The adder bites you.
The giant cockroach bites you but does no damage.
You hit the worm but do no damage.
The worm is severely wounded.
The adder barely misses you. The giant cockroach barely misses you.
The worm bites you. The adder bites you but does no damage.
You miss the adder.
The giant cockroach bites you but does no damage.
The adder barely misses you. The worm bites you but does no damage.
You barely miss the adder. The giant cockroach barely misses you.
The adder bites you. The giant cockroach closely misses you.
The kobold closely misses you.
You miss the adder. The adder bites you.
You are poisoned.
The adder poisons you! The giant cockroach closely misses you.
The worm bites you!
* * * LOW HITPOINT WARNING * * *
The kobold hits you but does no damage. The adder closely misses you.
You die...
Xom laughs nastily!

...... ∆ ...... ∆
. #.#.. .< ∆
...#####... ....
.........##...
#........##
##?.s......##
#...w.(.....#
###...KS@.....###
∆........<........
####.........####
#.!..........
#............
#.........###
#.........#
###########


You could see a worm, an adder, a giant cockroach and a kobold.

Vanquished Creatures
  A hobgoblin (D:1)
  A ball python (D:1)
  3 bats (D:1)
  A giant cockroach (D:1)
  4 jackals (D:1)
  2 kobolds (D:1)
  3 rats (D:1)
15 creatures vanquished.

Notes
Turn   | Place    | Note
--------------------------------------------------------------
     0 | D:1      | Foahim, the Demonspawn Chaos Knight, began the quest for the Orb.
     0 | D:1      | Reached XP level 1. HP: 18/18 MP: 1/1
     0 | D:1      | Noticed a naga
     0 | D:1      | Noticed a spriggan skeleton
     1 | D:1      | Noticed an ogre
     3 | D:1      | Noticed a formicid
    11 | D:1      | Noticed an ogre
    12 | D:1      | Noticed a merfolk skeleton
    16 | D:1      | Noticed a felid
    17 | D:1      | Noticed a naga
    19 | D:1      | Noticed a minotaur zombie
    21 | D:1      | Noticed a centaur
    21 | D:1      | Noticed a formicid zombie
    21 | D:1      | Noticed a formicid
    39 | D:1      | XOM: silly message
    66 | D:1      | XOM: harmless Necr miscast
   203 | D:1      | Reached skill level 1 in Dodging
   309 | D:1      | XOM: cast spell 'Stoneskin'
   320 | D:1      | Gained mutation: You are partially covered in molten scales (AC +1). [demonic ancestry]
   320 | D:1      | Reached XP level 2. HP: 16/24 MP: 2/2
   531 | D:2      | XOM: noise
   534 | D:2      | XOM: divination: detect items
   540 | D:2      | HP: 1/24 [worm (8)]
   541 | D:2      | Succumbed to an adder's poison

Action                   || total
-------------------------++-------
Melee: Falchion          ||    49
